 Dungeon Sprint DCSS version 0.22-a0-570-g58866f5 (webtiles) character file.

106290 raistware the Warrior (level 16, 0/150 HPs)
             Began as a Formicid Fighter on June 30, 2018.
             Was the Champion of Qazlal.
             Killed from afar by a balrug (9 damage)
             ... with a fireball
             ... in the Dungeon (Sprint V: "Ziggurat Sprint").
             The game lasted 00:27:32 (2932 turns).

raistware the Warrior (Formicid Fighter)            Turns: 2932, Time: 00:27:33

Health: 0/150      AC: 45    Str: 42    XL:     16   Next: 98%
Magic:  23/30      EV: 12    Int: 13    God:    Qazlal [******]
Gold:   0          SH: 44    Dex: 14    Spells: 15/15 levels left

rFire    + + +     SeeInvis +   b - +11 lance "Wyrmbane" {slay drac, rPois rF+ rC+ AC+3}
rCold    + + +     Gourm    +   I - +18 shield of the Gong {rElec rN+ MR+ EV-5}
rNeg     + . .     Faith    .   l - +12 gold dragon scales
rPois    +         Spirit   .   (helmet unavailable)
rElec    +         Reflect  .   (no cloak)
rCorr    +         Harm     .   c - +2 pair of gloves {Str+3}
MR       ++...                  N - +0 pair of boots of the Zebra {Int+4 Dex+4}
Stlth    ..........             Q - amulet of the gourmand
HPRegen  0.35/turn              G - +6 ring of strength
MPRegen  0.22/turn              H - +6 ring of strength

@: resistant, protected from physical damage, repel missiles
A: permanent stasis, dig shafts and tunnels, four strong arms, antennae 3
a: Dig, Upheaval, Elemental Force, Disaster Area, Renounce Religion


You were in the Dungeon.
You worshipped Qazlal.
Qazlal was exalted by your worship.
You were very full.

You visited 1 branch

Inventory:

Hand Weapons
 b - the +11 lance "Wyrmbane" (weapon) {slay drac, rPois rF+ rC+ AC+3}
   (You found it in the Dungeon)

   It affects your AC (+3).
   It protects you from fire.
   It protects you from cold.
   It protects you from poison.
 n - a +9 bardiche
Armour
 c - a +2 pair of gloves of strength (worn)
 l - +12 gold dragon scales (worn)
 I - the +18 shield of the Gong (worn) {rElec rN+ MR+ EV-5}
   (You found it in the Dungeon)

   It affects your evasion (-5).
   It insulates you from electricity.
   It protects you from negative energy.
   It affects your resistance to hostile enchantments.
 N - the +0 pair of boots of the Zebra (worn) {Int+4 Dex+4}
   (You found it in the Dungeon)

   It affects your intelligence (+4).
   It affects your dexterity (+4).
 O - the +2 cloak "Gaibb" {Int+7 Dex-3}
   (You found it in the Dungeon)

   It affects your intelligence (+7).
   It affects your dexterity (-3).
 T - a +2 pair of boots of running
Jewellery
 g - the amulet "Imicwip" {Harm *Drain Int+3 Stlth+}
   (You took it off a deep elf master archer in the Dungeon)

   [amulet of harm]

   It increases damage dealt and taken.
   It affects your intelligence (+3).
   It causes draining when unequipped.
   It makes you more stealthy.
 h - the ring "Ithefan" {rC+ MP+9}
   (You took it off a deep elf annihilator in the Dungeon)

   [ring of magical power]

   It protects you from cold.
   It affects your magic capacity (+9).
 D - a +3 ring of evasion
 E - a +6 ring of intelligence
 F - a +6 ring of intelligence
 G - a +6 ring of strength (left hand)
 H - a +6 ring of strength (right hand)
 J - an uncursed ring of wizardry
 M - a +2 amulet of reflection
 P - an uncursed ring of protection from magic
 Q - an amulet of the gourmand (around neck)
 R - the ring of Beib {+Blink rF+}
   (You took it off an orc warrior in the Dungeon)

   [ring of protection from fire]

   It protects you from fire.
   It lets you blink.
 U - the ring of Jeutatia {Wiz Int+3}
   (You found it in the Dungeon)

   [ring of wizardry]

   It improves your spell success rate.
   It affects your intelligence (+3).
Wands
 y - a wand of disintegration (7)
 A - a wand of iceblast (7)
 B - a wand of acid (7)
Scrolls
 a - 4 scrolls of enchant weapon
 k - 3 scrolls of brand weapon
 o - 4 scrolls of amnesia
 p - 6 scrolls of fog
 q - a scroll of holy word
 r - 5 scrolls of identify
 s - 5 scrolls of remove curse
 t - 2 scrolls of fear
 S - 9 scrolls of enchant armour
Potions
 d - 6 potions of might
 e - 9 potions of curing
 i - 3 potions of magic
 u - 2 potions of brilliance
 v - 2 potions of invisibility
 w - 2 potions of resistance
 z - 5 potions of agility
Miscellaneous
 j - 5 phantom mirrors
 m - a fan of gales
 x - a phial of floods
 K - 2 sacks of spiders
 L - a phial of floods
Comestibles
 f - 7 rations
 C - a chunk of flesh


   Skills:
 + Level 20.5 Fighting
   Level 17.3 Short Blades
   Level 12.6(17.2) Axes
 + Level 19.1(20.2) Polearms
 + Level 18.4 Armour
 + Level 15.7 Dodging
 + Level 20.1 Shields
 + Level 20.5 Invocations
 + Level 17.8 Evocations


You had 15 spell levels left.
You didn't know any spells.
Your spell library contained the following spells:

 Spells                   Type           Power        Failure   Level  Hunger
 Cause Fear               Hex            #.........   100%        4    #####..
 Magic Dart               Conj           #...         88%         1    ##.....
 Fireball                 Conj/Fire      #.........   100%        5    ######.
 Conjure Flame            Conj/Fire      #.......     99%         3    ####...
 Bolt of Fire             Conj/Fire      #.........   100%        6    #######
 Lightning Bolt           Conj/Air       #.........   100%        5    ######.
 Bolt of Magma            Conj/Fire/Erth #.........   100%        5    ######.
 Slow                     Hex            #.......     95%         2    ###....
 Throw Flame              Conj/Fire      #.....       95%         2    ###....
 Throw Frost              Conj/Ice       #.....       95%         2    ###....
 Controlled Blink         Tloc           N/A          100%        8    #######
 Freezing Cloud           Conj/Ice/Air   #.........   100%        6    #######
 Mephitic Cloud           Conj/Pois/Air  #.......     99%         3    ####...
 Ring of Flames           Chrm/Fire      #.........   100%        7    #######
 Venom Bolt               Conj/Pois      #.........   100%        5    ######.
 Olgreb's Toxic Radiance  Pois           #.......     100%        4    #####..
 Bolt of Draining         Conj/Necr      #.........   100%        5    ######.
 Iskenderun's Mystic Bla  Conj           #.......     100%        4    #####..
 Animate Dead             Necr           N/A          100%        4    #####..
 Animate Skeleton         Necr           N/A          88%         1    ##.....
 Freeze                   Ice            #...         88%         1    ##.....
 Sticky Flame             Conj/Fire      #.......     100%        4    #####..
 Summon Ice Beast         Ice/Summ       #.......     100%        4    #####..
 Ozocubu's Armour         Chrm/Ice       #.......     99%         3    ####...
 Call Imp                 Summ           #.......     95%         2    ###....
 Regeneration             Chrm/Necr      #.........   99%         3    ####...
 Sublimation of Blood     Necr           #.........   95%         2    ###....
 Tukima's Dance           Hex            #.......     99%         3    ####...
 Summon Demon             Summ           #.........   100%        5    ######.
 Corpse Rot               Necr           N/A          95%         2    ###....
 Iron Shot                Conj/Erth      #.........   100%        6    #######
 Stone Arrow              Conj/Erth      #.....       99%         3    ####...
 Shock                    Conj/Air       #...         88%         1    ##.....
 Swiftness                Chrm/Air       #.......     95%         2    ###....
 Recall                   Summ/Tloc      N/A          99%         3    ####...
 Agony                    Necr           #.......     100%        5    ######.
 Spider Form              Tmut/Pois      #.........   99%         3    ####...
 Statue Form              Tmut/Erth      #........    100%        6    #######
 Death Channel            Necr           #.........   100%        6    #######
 Throw Icicle             Conj/Ice       #.......     100%        4    #####..
 Airstrike                Air            #.........   100%        4    #####..
 Shadow Creatures         Summ           N/A          100%        6    #######
 Flame Tongue             Conj/Fire      #....        88%         1    ##.....
 Passwall                 Tmut/Erth      #.......     95%         2    ###....
 Ignite Poison            Fire/Tmut/Pois #.......     99%         3    ####...
 Ensorcelled Hibernation  Hex/Ice        #.....       95%         2    ###....
 Silence                  Hex/Air        #.........   100%        5    ######.
 Shatter                  Erth           #.........   100%        9    #######
 Dispersal                Tloc           #.........   100%        6    #######
 Static Discharge         Conj/Air       #.......     99%         3    ####...
 Corona                   Hex            #......      88%         1    ##.....
 Alistair's Intoxication  Tmut/Pois      #.......     100%        5    ######.
 Lee's Rapid Deconstruct  Erth           #.........   100%        5    ######.
 Sandblast                Erth           #.....       88%         1    ##.....
 Simulacrum               Ice/Necr       #.........   100%        6    #######
 Portal Projectile        Hex/Tloc       #.....       99%         3    ####...
 Petrify                  Tmut/Erth      #.......     100%        4    #####..
 Orb of Destruction       Conj           #.........   100%        7    #######
 Tornado                  Air            #.........   100%        9    #######
 Leda's Liquefaction      Hex/Erth       #.........   100%        4    #####..
 Summon Hydra             Summ           #.........   100%        7    #######
 Darkness                 Hex            #.........   100%        6    #######
 Shroud of Golubria       Chrm/Tloc      #.........   95%         2    ###....
 Inner Flame              Hex/Fire       #.......     99%         3    ####...
 Disjunction              Tloc           #.........   100%        8    #######
 Iskenderun's Battlesphe  Conj/Chrm      #.......     100%        5    ######.
 Fulminant Prism          Conj/Hex       #.........   100%        4    #####..
 Dazzling Spray           Conj/Hex       #.....       99%         3    ####...
 Force Lance              Conj/Tloc      #.......     100%        4    #####..
 Infusion                 Chrm           #...         88%         1    ##.....
 Song of Slaying          Chrm           #.......     95%         2    ###....
 Spectral Weapon          Hex/Chrm       #.......     99%         3    ####...
 Searing Ray              Conj           #.....       95%         2    ###....
 Discord                  Hex            #.........   100%        8    #######
 Summon Forest            Summ/Tloc      #.........   100%        5    ######.
 Spellforged Servitor     Conj/Summ      #.........   100%        7    #######
 Summon Mana Viper        Hex/Summ       #.......     100%        5    ######.
 Hydra Form               Tmut           #.........   100%        6    #######
 Irradiate                Conj/Tmut      #.........   100%        5    ######.
 Gell's Gravitas          Tloc           #.........   99%         3    ####...
 Poisonous Vapours        Pois/Air       #.....       95%         2    ###....
 Ignition                 Fire           #.........   100%        8    #######
 Borgnjor's Vile Clutch   Necr/Erth      #.........   100%        5    ######.


Dungeon Overview and Level Annotations

Branches:
Dungeon (1/1)

Altars:
Ashenzari
Cheibriados
Dithmenos
Elyvilon
Fedhas
Gozag
Hepliaklqana
Kikubaaqudgha
Makhleb
Nemelex Xobeh
Okawaru
Qazlal
Ru
Sif Muna
Trog
Uskayaw
Vehumet
Wu Jian
Xom
Yredelemnul
Zin
The Shining One
Beogh
Jiyva
Lugonu


Innate Abilities, Weirdness & Mutations

You cannot be hasted, slowed, berserked, paralysed or teleported.
You can dig through walls and to a lower floor.
Your four strong arms can wield two-handed weapons with a shield.
You have a pair of large antennae on your head. (SInv)


Message History

The cutting wind hits the reaper.
You kill the reaper!
Qazlal accepts your kill. You block the bat skeleton's attack.
PANG!
The balrug gestures at you.
The fireball explodes!
The fireball engulfs you!
The fireball engulfs the flying skull.
The flying skull resists.
The fireball engulfs the bat skeleton.
The bat skeleton is destroyed!
The fireball engulfs the hell hound.
The hell hound completely resists.
You block the hell hound's attack.
GONNNNG!
The flying skull hits you.
* * * LOW HITPOINT WARNING * * *
Your resistance to fire fades away.
You feel protected from physical attacks.
The balrug gestures at you.
The fireball explodes!
The fireball engulfs you! You resist.
You die... {{ {{{{

{ ▓▓▓▓▓▓
▓....§§}§[≈=§≈≈
▓.....
▓...:.§)§§:[2≈≈.
▓..|))
▓...Z2§§≈§§§2.≈.
▓.....
▓.....§§≈.§§§≈≈.
▓.....
▓......≈§†§§§...
▓.....
▓....§§§§§≈2....
▓.....
▓....§z§§§W......
▓.....
▓....§§@§§.......
▓.....
▓....§§§h§§......
▓.....
▓....§§§§§§.....
▓.....
▓...▓.........▓.
▓...▓. ▓..
▓▓§§.....▓▓ ..▓▓▓
▓...▓.........▓..
...▓.
▓................
.....
▓........©.......
.....
▓▓▓▓▓▓▓▓▓▓▓▓▓▓▓▓▓
▓▓▓▓▓▓


You could see 2 balrugs, a tormentor, a hell hound and a flying skull.

Vanquished Creatures
  A pandemonium lord (D)
  A greater mummy (D)
  A shard shrike (D)
  A Brimstone Fiend (D)
  A Tzitzimitl (D)
  A lich (D)
  4 deep elf master archers (D)
  A storm dragon (D)
  A thorn hunter (D)
  4 frost giants (D)
  7 deep elf sorcerers (D)
  A cacodemon (D)
  3 stone giants (D)
  6 reapers (D)
  A red draconian (D)
  2 deep elf annihilators (D)
  A purple draconian (D)
  A dire elephant (D)
  2 blizzard demons (D)
  2 green deaths (D)
  2 mummy priests (D)
  2 deep elf high priests (D)
  An ice dragon (D)
  4 spriggan air magi (D)
  A satyr (D)
  2 two-headed ogres (D)
  3 dancing weapons (D)
  3 hell hogs (D)
  A soul eater (D)
  A sun demon (D)
  5 spriggans (D)
  A deep elf knight (D)
  A sixfirhy (D)
  2 skeletal warriors (D)
  3 spriggan druids (D)
  3 shambling mangroves (D)
  An orc knight (D)
  An oklob plant (D)
  4 draconians (D)
  3 cyclopes (D)
  4 deep elf magi (D)
  A faun (D)
  5 toenail golems (D)
  4 rust devils (D)
  5 hellions (D)
  2 orange demons (D)
  A rime drake (D)
  11 ice devils (D)
  4 tormentors (D)
  6 freezing wraiths (D)
  3 hellwings (D)
  6 red devils (D)
  A wind drake (D)
  4 merfolk (D)
  2 guardian mummies (D)
  4 trolls (D)
  2 polar bears (D)
  7 hornets (D)
  4 flying skulls (D)
  A shadow (D)
  4 air elementals (D)
  2 wraiths (D)
  2 yaks (D)
  A neqoxec (D)
  3 ushabtiu (D)
  A chaos spawn (D)
  A warg (D)
  2 insubstantial wisps (D)
  4 water moccasins (D)
  A hell hound (D)
  2 black bears (D)
  4 ice beasts (D)
  8 orc warriors (D)
  A phantom (D)
  2 necrophages (D)
  3 ogres (D)
  A wolf (D)
  A bullfrog (D)
  4 earth elementals (D)
  A gnoll sergeant (D)
  3 wights (D)
  2 orc priests (D)
  3 orc wizards (D)
  3 mummies (D)
  3 adders (D)
  5 white imps (D)
  3 adder skeletons (D)
  6 adder zombies (D)
  2 ball pythons (D)
  5 bat skeletons (D)
  8 bat zombies (D)
  A ball python skeleton (D)
  A ball python zombie (D)
  2 giant cockroach zombies (D)
  2 jackal skeletons (D)
  A jackal zombie (D)
  2 leopard gecko skeletons (D)
  A leopard gecko zombie (D)
  2 quokka skeletons (D)
  5 quokka zombies (D)
  19 briar patches (D)
290 creatures vanquished.

Vanquished Creatures (others)
  2 insubstantial wisps (D)
  A bat skeleton (D)
3 creatures vanquished.

Grand Total: 293 creatures vanquished

Notes
Turn   | Place    | Note
-------+----------+-------------------------------------------
     0 | D        | Found the +6 Majin-Bo {vamp, Archmagi MP+6 Int+6}
     0 | D        | Found the +7 great mace "Firestarter" {inner flame, rF++}
     0 | D        | raistware the Formicid Fighter began the quest for the Orb.
     0 | D        | Reached XP level 1. HP: 18/18 MP: 1/1
     3 | D        | Found a blossoming altar of Fedhas.
     5 | D        | Found a viscous altar of Jiyva.
     5 | D        | Found a hazy altar of Hepliaklqana.
     5 | D        | Found a transporter.
     5 | D        | Found an opulent altar of Gozag.
     5 | D        | Found an ancient bone altar of Kikubaaqudgha.
     5 | D        | Found a corrupted altar of Lugonu.
     8 | D        | Banished a spatial maelstrom
    14 | D        | Found a burning altar of Makhleb.
    15 | D        | Found a sacrificial altar of Ru.
    15 | D        | Found a stormy altar of Qazlal.
    15 | D        | Found a deep blue altar of Sif Muna.
    15 | D        | Found an iron altar of Okawaru.
    15 | D        | Found a bloodstained altar of Trog.
    15 | D        | Found a sparkling altar of Nemelex Xobeh.
    34 | D        | Found the +9 heavy crossbow "Sniper" {velocity, Acc+∞ SInv}
    34 | D        | Found the +10 dark maul {crush}
    34 | D        | Found the +15 Maxwell's patent armour {-Cast -Tele rElec MR+ rCorr}
    34 | D        | Found the +18 shield of the Gong {rElec rN+ MR+ EV-5}
    34 | D        | Found the cursed +14 obsidian axe {chop, +Fly SInv *Curse}
    62 | D        | Found the +6 shillelagh "Devastator" {shatter}
    62 | D        | Found the +11 plutonium sword {*Contam Stlth-}
    62 | D        | Found the +8 lance "Wyrmbane" {slay drac, rPois rF+ rC+ AC+3}
    62 | D        | Found the +9 sword of Zonguldrok {reap}
    62 | D        | Found the cursed +13 scythe of Curses {drain, *Curse}
    62 | D        | Found the +0 sword of Power
    62 | D        | Found the +3 mace of Variability {chaos}
    62 | D        | Found the +7 Singing Sword
    62 | D        | Found the +7 longbow "Piercer" {penet, EV-2}
    75 | D        | Became a worshipper of Qazlal Stormbringer
    84 | D        | Entered arena 2.
    84 | D        | Found a transporter.
    91 | D        | Reached skill level 1 in Invocations
   105 | D        | Entered arena 3.
   105 | D        | Noticed a yak
   105 | D        | Noticed a yak
   105 | D        | Noticed a bullfrog
   105 | D        | Found a transporter.
   111 | D        | Killed a bullfrog
   111 | D        | Reached * piety under Qazlal
   111 | D        | Reached skill level 5 in Polearms
   111 | D        | Reached XP level 2. HP: 24/24 MP: 2/4
   111 | D        | Reached XP level 3. HP: 29/29 MP: 2/5
   111 | D        | Reached XP level 4. HP: 35/35 MP: 2/6
   117 | D        | Killed a yak
   117 | D        | Reached XP level 5. HP: 41/41 MP: 2/9
   117 | D        | Reached XP level 6. HP: 47/47 MP: 2/10
   123 | D        | Killed a yak
   145 | D        | Reached skill level 5 in Fighting
   145 | D        | Reached skill level 10 in Polearms
   145 | D        | Reached skill level 5 in Armour
   145 | D        | Reached XP level 7. HP: 56/56 MP: 5/13
   201 | D        | Entered arena 4.
   201 | D        | Noticed a merfolk
   201 | D        | Noticed a merfolk
   201 | D        | Noticed a merfolk
   201 | D        | Noticed a merfolk
   201 | D        | Found a transporter.
   211 | D        | Killed a merfolk
   211 | D        | Reached ** piety under Qazlal
   211 | D        | Reached XP level 8. HP: 49/63 MP: 13/15
   230 | D        | Killed a merfolk
   231 | D        | Killed a merfolk
   235 | D        | Killed a merfolk
   235 | D        | Reached *** piety under Qazlal
   235 | D        | Reached skill level 10 in Invocations
   235 | D        | Reached XP level 9. HP: 41/71 MP: 14/16
   377 | D        | Entered arena 5.
   377 | D        | Found a transporter.
   393 | D        | Reached skill level 5 in Dodging
   411 | D        | Entered arena 6.
   411 | D        | Found a transporter.
   414 | D        | Reached **** piety under Qazlal
   425 | D        | Reached skill level 5 in Evocations
   431 | D        | Reached ***** piety under Qazlal
   442 | D        | Got the amulet "Taytoczi" {Inacc Stlth+}
   447 | D        | Entered arena 7.
   448 | D        | Found a transporter.
   455 | D        | Reached skill level 1 in Short Blades
   487 | D        | Entered arena 8.
   487 | D        | Noticed a draconian
   487 | D        | Noticed a draconian
   487 | D        | Noticed a draconian
   487 | D        | Noticed a draconian
   487 | D        | Noticed a purple draconian
   487 | D        | Noticed a red draconian
   489 | D        | Killed a draconian
   489 | D        | Reached skill level 10 in Shields
   489 | D        | Killed a draconian
   489 | D        | Reached XP level 10. HP: 46/84 MP: 18/18
   490 | D        | Found a transporter.
   496 | D        | Killed a red draconian
   496 | D        | Reached skill level 10 in Fighting
   496 | D        | Reached skill level 5 in Short Blades
   500 | D        | Killed a purple draconian
   503 | D        | Killed a draconian
   508 | D        | Killed a draconian
   508 | D        | Reached XP level 11. HP: 41/94 MP: 12/20
   518 | D        | Got Orulemn's Tome of the Enthralling Arsonist
   720 | D        | Entered arena 9.
   720 | D        | Noticed a toenail golem
   720 | D        | Noticed a toenail golem
   720 | D        | Noticed a toenail golem
   720 | D        | Noticed a toenail golem
   720 | D        | Noticed a toenail golem
   731 | D        | Killed a toenail golem
   741 | D        | Killed a toenail golem
   741 | D        | Reached ****** piety under Qazlal
   751 | D        | Killed a toenail golem
   754 | D        | Killed a toenail golem
   754 | D        | Reached skill level 10 in Armour
   757 | D        | Killed a toenail golem
   769 | D        | Found a transporter.
   785 | D        | Entered arena 10.
   786 | D        | Found a transporter.
   812 | D        | Entered arena 11.
   812 | D        | Noticed a spriggan rider
   812 | D        | Noticed a spriggan druid
   815 | D        | Found a transporter.
   816 | D        | Killed a spriggan rider
   816 | D        | Killed a spriggan druid
   845 | D        | Got Qupeeh's Disquisition on the Birds and Heat
   858 | D        | Entered arena 12.
   858 | D        | Noticed a spriggan druid
   858 | D        | Noticed a satyr
   858 | D        | Noticed a shambling mangrove
   858 | D        | Noticed a thorn hunter
   858 | D        | Noticed a faun
   858 | D        | Noticed a shambling mangrove
   859 | D        | Noticed a spriggan druid
   859 | D        | Noticed a dire elephant
   859 | D        | Noticed a shambling mangrove
   859 | D        | Noticed an oklob plant
   860 | D        | Found the cursed -5 robe of Misfortune {-Cast *Contam *Tele *Drain EV-5 Stlth-- *Curse}
   860 | D        | Found a transporter.
   861 | D        | Killed a spriggan druid
   861 | D        | Reached skill level 10 in Short Blades
   861 | D        | Killed a faun
   862 | D        | Killed a satyr
   862 | D        | Reached XP level 12. HP: 106/106 MP: 13/22
   867 | D        | Killed a spriggan druid
   867 | D        | Killed a thorn hunter
   867 | D        | Reached skill level 10 in Evocations
   867 | D        | Killed a shambling mangrove
   883 | D        | Killed a dire elephant
   889 | D        | Killed a shambling mangrove
   889 | D        | Reached skill level 15 in Fighting
   893 | D        | Killed a shambling mangrove
   933 | D        | Got the ring of Noih {rPois SInv}
  1064 | D        | Entered arena 13.
  1066 | D        | Found a transporter.
  1067 | D        | Reached skill level 1 in Axes
  1067 | D        | Reached skill level 10 in Dodging
  1192 | D        | Entered arena 14.
  1192 | D        | Noticed a mummy priest
  1193 | D        | Noticed a mummy priest
  1193 | D        | Noticed a greater mummy
  1194 | D        | Noticed a jiangshi
  1195 | D        | Found a transporter.
  1197 | D        | Killed a mummy priest
  1197 | D        | Reached XP level 13. HP: 96/116 MP: 23/23
  1197 | D        | Killed a mummy priest
  1212 | D        | Noticed a jiangshi
  1216 | D        | Killed a greater mummy
  1216 | D        | Reached skill level 15 in Polearms
  1216 | D        | Reached skill level 15 in Invocations
  1438 | D        | Entered arena 15.
  1438 | D        | Noticed a frost giant
  1438 | D        | Noticed a stone giant
  1439 | D        | Noticed a stone giant
  1440 | D        | Noticed a stone giant
  1441 | D        | Found a transporter.
  1442 | D        | Killed a stone giant
  1442 | D        | Killed a stone giant
  1447 | D        | Killed a frost giant
  1447 | D        | Reached skill level 15 in Shields
  1459 | D        | Killed a stone giant
  1472 | D        | Got the Incunabulum of Attacks
  1483 | D        | Got the ring "Uronk" {rN+ EV+3}
  1499 | D        | Entered arena 16.
  1499 | D        | Noticed a spriggan air mage
  1499 | D        | Noticed a spriggan air mage
  1500 | D        | Noticed a storm dragon
  1500 | D        | Noticed a spriggan air mage
  1501 | D        | Noticed a spriggan air mage
  1502 | D        | Reached XP level 14. HP: 89/126 MP: 25/25
  1502 | D        | Killed a storm dragon
  1506 | D        | Found a transporter.
  1511 | D        | Reached skill level 15 in Short Blades
  1514 | D        | Got the +0 pair of boots of the Zebra {Int+4 Dex+4}
  1523 | D        | Got the ring "Kixag" {Ice Str+4}
  1531 | D        | Got the Compendium of the Enthralling Birds
  1783 | D        | Entered arena 17.
  1788 | D        | Found a transporter.
  1790 | D        | Reached skill level 10 in Axes
  1835 | D        | Got the ring of Beib {+Blink rF+}
  1854 | D        | Got the Compendium of Lucky Earth
  1874 | D        | Entered arena 18.
  1877 | D        | Noticed a reaper
  1877 | D        | Noticed a reaper
  1879 | D        | Found a transporter.
  1881 | D        | Killed a reaper
  1882 | D        | Killed a reaper
  1909 | D        | Got the Papyrus of Noxious Aid
  1912 | D        | Got the Almanac of the Entourage
  1970 | D        | Entered arena 19.
  1972 | D        | Noticed a frost giant
  1972 | D        | Noticed a frost giant
  1973 | D        | Noticed a frost giant
  1975 | D        | Killed a frost giant
  1994 | D        | Killed a frost giant
  2005 | D        | Killed a frost giant
  2006 | D        | Found a transporter.
  2022 | D        | Got the ring of Jeutatia {Wiz Int+3}
  2249 | D        | Entered arena 20.
  2253 | D        | Noticed a Brimstone Fiend
  2253 | D        | Noticed a Tzitzimitl
  2254 | D        | Noticed Hazed the pandemonium lord
  2254 | D        | Noticed a cacodemon
  2257 | D        | Reached XP level 15. HP: 76/135 MP: 19/27
  2257 | D        | Reached skill level 15 in Armour
  2258 | D        | Killed a Brimstone Fiend
  2263 | D        | Killed Hazed the pandemonium lord
  2276 | D        | Killed a cacodemon
  2286 | D        | Killed a Tzitzimitl
  2286 | D        | Reached skill level 15 in Evocations
  2298 | D        | Found a transporter.
  2307 | D        | Got the Tome of Black Rituals
  2336 | D        | Got the Reference Book on Lethal Weightlessness
  2549 | D        | Entered arena 21.
  2556 | D        | Noticed a deep elf sorcerer
  2557 | D        | Noticed a deep elf sorcerer
  2557 | D        | Noticed a deep elf sorcerer
  2557 | D        | Noticed a deep elf sorcerer
  2557 | D        | Noticed a deep elf sorcerer
  2558 | D        | Found the +3 crown of Dyrovepreva {rElec Int+2 SInv}
  2558 | D        | Noticed a deep elf sorcerer
  2558 | D        | Noticed a deep elf master archer
  2558 | D        | Noticed a deep elf sorcerer
  2558 | D        | Noticed a deep elf master archer
  2558 | D        | Noticed a deep elf master archer
  2559 | D        | Noticed a deep elf master archer
  2560 | D        | Killed a deep elf sorcerer
  2560 | D        | Killed a deep elf sorcerer
  2560 | D        | Killed a deep elf master archer
  2560 | D        | Killed a deep elf sorcerer
  2560 | D        | Killed a deep elf sorcerer
  2560 | D        | Killed a deep elf sorcerer
  2560 | D        | Reached XP level 16. HP: 87/146 MP: 29/29
  2569 | D        | Killed a deep elf sorcerer
  2569 | D        | Killed a deep elf master archer
  2569 | D        | Killed a deep elf sorcerer
  2569 | D        | Killed a deep elf master archer
  2569 | D        | Killed a deep elf master archer
  2602 | D        | Got the ring "Ithefan" {rC+ MP+9}
  2607 | D        | Got the ring "Tupipt" {+Blink Int+4 Dex-4 Stlth+}
  2622 | D        | Found a transporter.
  2629 | D        | Got the amulet "Imicwip" {Harm *Drain Int+3 Stlth+}
  2826 | D        | Entered arena 22.
  2830 | D        | Noticed a shard shrike
  2844 | D        | Killed a shard shrike
  2844 | D        | Reached skill level 15 in Dodging
  2881 | D        | Found a transporter.
  2893 | D        | Got the +2 cloak "Gaibb" {Int+7 Dex-3}
  2897 | D        | Got the Grimoire of Darkness
  2899 | D        | Got the Handbook of Glamour
  2905 | D        | Got the Volume of Heat and the Rocks
  2922 | D        | Entered arena 23.
  2930 | D        | Noticed a lich
  2932 | D        | Killed a lich
  2932 | D        | Killed from afar by a balrug

Vault maps used:
D:        sprint_v

Skill      XL: |  1  2  3  4  5  6  7  8  9 10 11 12 13 14 15 16 |
---------------+-------------------------------------------------+-----
Shields        | 6 9 10 11 12 13 15 16 18 20 | 20.1
Invocations    | 3 6 9 10 11 12 13 14 15 17 18 20 | 20.5
Polearms       | 5 7 10 11 12 13 14 15 16 17 19 | 19.1
Fighting       | 5 6 9 11 13 15 16 17 19 20 | 20.5
Armour         | 5 6 8 9 11 12 13 14 16 18 | 18.4
Dodging        | 3 4 6 7 8 10 11 12 14 15 | 15.7
Evocations     | 2 4 6 7 9 11 12 14 15 17 | 17.8
Short Blades   | 4 7 10 12 14 16 17 | 17.3
Axes           | 3 9 12 | 12.6

Action                   |  1- 3 |  4- 6 |  7- 9 | 10-12 | 13-15 | 16-18 || total
-------------------------+-------+-------+-------+-------+-------+-------++-------
Melee: Lance             |    12 |    12 |    78 |   111 |   108 |    52 ||   373
Invok: Disaster Area     |       |       |       |     6 |    14 |     4 ||    24
       Upheaval          |       |       |       |       |     7 |     3 ||    10
  Use: Potion            |       |     1 |     1 |     1 |    10 |     5 ||    18
       Scroll            |       |       |       |     8 |       |     4 ||    12
  Eat: Chunk             |       |       |       |     1 |    17 |     7 ||    25
Armor: Gold dragon scale |     2 |     3 |    10 |    10 |    36 |    13 ||    74
Dodge: Deflected         |       |       |     1 |       |       |     1 ||     2
       Dodged            |       |       |       |     2 |    15 |     8 ||    25
Block: Shield            |    13 |    12 |    79 |    95 |   174 |    86 ||   459

Table legend:
 A = Spawn XP
 B = Non-spawn XP
 C = Spawn XP percentage of total XP
 D = Spawn monster count
 E = Non-spawn monster count
 F = Spawn count percentage of total count
 G = Total turns spent on level
                    A         B        C        D         E        F      G
               +---------+---------+-------+---------+---------+-------+---------
         Total |       0 |  151356 |   0.0 |       0 |     270 |   0.0 |  2932
               +---------+---------+-------+---------+---------+-------+---------
             D |       0 |  151356 |   0.0 |       0 |     270 |   0.0 |  2932
               +---------+---------+-------+---------+---------+-------+---------
